 Dungeon Crawl Stone Soup version 0.28-a0-503-g83f2989fac (webtiles) character file.

Game seed: 11732949575268836894

325 Lekart the Slasher (level 6, -1/46 HPs)
             Began as a Draconian Chaos Knight on Sept 20, 2021.
             Was a Plaything of Xom.
             Succumbed to Duvessa's poison
             ... on level 4 of the Dungeon on Sept 21, 2021.
             The game lasted 00:11:27 (3355 turns).

Lekart the Slasher (Draconian Chaos Knight)         Turns: 3355, Time: 00:11:28

Health: -1/46      AC:  7    Str: 14    XL:     6   Next: 24%
Magic:  2/6        EV:  8    Int: 21    God:    Xom [..*...]
Gold:   128        SH: 12    Dex: 12    Spells: 5/5 levels left

rFire   . . .      SeeInvis .   a - +0 falchion (chaos)
rCold   . . .      Faith    .   d - +0 tower shield
rNeg    . . .      Spirit   +   (armour unavailable)
rPois   .          Reflect  .   (helmet restricted)
rElec   .          Harm     .   (no cloak)
rCorr   .          Rampage  .   (no gloves)
Will    .....                   b - +0 pair of boots
Stlth   +.........              c - amulet of guardian spirit
HPRegen 0.15/turn               e - +6 ring of intelligence
MPRegen 0.10/turn               (no ring)

@: lethally poisoned (-1 -> -18)
A: AC +6, unfitting armour, cold-blooded, clever 1, frail 1
a: Renounce Religion


You were on level 4 of the Dungeon.
You worshipped Xom.
You were a toy of Xom.
You visited 1 branch of the dungeon, and saw 4 of its levels.
You also visited: Sewer.

You collected 128 gold pieces.

Inventory:

Hand Weapons
 a - a +0 falchion of chaos (weapon)
Armour
 b - a +0 pair of boots (worn)
 d - a +0 tower shield (worn)
Jewellery
 c - an amulet of guardian spirit (around neck)
 e - a +6 ring of intelligence (left hand)
 i - a +6 ring of dexterity
 j - a ring of willpower
Scrolls
 g - a scroll of enchant armour {unknown}
 h - a scroll of fog {unknown}
 k - a scroll of blinking
 l - a scroll of teleportation {unknown}
 m - a scroll of enchant weapon {unknown}
 n - a scroll of noise {unknown}
 p - a scroll of vulnerability {unknown}
Potions
 o - 2 potions of curing


   Skills:
 + Level 4.1 Fighting
 + Level 4.5 Long Blades
 + Level 3.6 Dodging
 + Level 0.4 Stealth
 + Level 3.1 Shields


You had 5 spell levels left.
You didn't know any spells.
Your spell library contained the following spells:

 Spells                   Type           Power      Damage    Failure   Level
 Ignite Poison            Fire/Tmut/Pois 0%         N/A       100%        3
 Mephitic Cloud           Conj/Pois/Air  0%         N/A       100%        3
 Freezing Cloud           Conj/Ice/Air   0%         6-21      100%        5


Dungeon Overview and Level Annotations

Branches:
Dungeon (4/15)              Sewer (visited)
 Temple: D:4-7

Altars:
The Shining One

Annotations:
D:3 Edmund
D:4 Dowan, Duvessa


Innate Abilities, Weirdness & Mutations

Your plain brown scales are hard. (AC +6)
You cannot fit into any form of body armour.
You are cold-blooded and may be slowed by cold attacks.
Your mind is acute. (Int +2)
You are frail. (-10% HP)


Message History

You barely miss Edmund.
Edmund is moderately wounded.
You block Edmund's attack.
Edmund hits you with a +3 flail of protection!
Edmund hits you but does no damage. You block Edmund's attack.
You block Edmund's attack.
It was a potion of cancellation.
You feel magically purged.
Xom thinks this is hilarious!
Edmund hits you with a +3 flail of protection.
Edmund says, "I'm quite good with sums, too."
Edmund hits you with a +3 flail of protection.
Okay, then.
Okay, then. "Serve the mortal, my child!"
Edmund hits your crimson imp with a +3 flail of protection! x2
Your crimson imp dies!
Your crimson imp disappears in a puff of smoke!
Blink to where?
Press: ? - help, Dir - move target
As you read the scroll of blinking, it crumbles to dust.
You climb downwards.
There is a stone staircase leading up here.
The dart slug launches a dart at you. You block the slug dart.
Duvessa, Sister of Dowan comes into view.
She is wielding a +0 short sword of venom.
An iguana comes into view.
The dart slug launches a dart at you. You block the slug dart.
The iguana moves out of view.
You slash the dart slug! You freeze the dart slug.
You kill the dart slug!
Dowan, Brother of Duvessa comes into view.
He is wielding a +0 dagger.
Duvessa hits you with a +0 short sword of venom!
* * * LOW HITPOINT WARNING * * *
You are lethally poisoned!
Dowan mumbles some strange words.
Dowan blinks!
Dowan moves out of view.
* * * LOW HITPOINT WARNING * * *
You feel very sick.
You die...
Xom guffaws!

..... #......# .# . ....
##......# .### ..
#..##.......####...#...
##......ยง.....##........
###.............##........
#.........................
#...>..................w..
#..)........##............
#.####...@.....##.........
#.....e....#.........
##...................
##..............#.#.
#...<..........###
#....#.....#....
##...#.....##$.
###....#### . ###.##


You could see Duvessa.

Vanquished Creatures
  A kobold brigand (Sewer)
  Jessica (D:2)
  Natasha (D:2)
  4 adders
  4 worms
  A dart slug (D:4)
  An orc (D:3)
  9 endoplasms
  4 giant cockroaches
  9 goblins
  4 hobgoblins
  9 ball pythons
  5 bats
  2 frilled lizards
  9 kobolds
  12 rats
76 creatures vanquished.

Vanquished Creatures (collateral kills)
  A kobold brigand (Sewer)
  An adder (Sewer)
  A worm (Sewer)
  A ball python (Sewer)
4 creatures vanquished.

Grand Total: 80 creatures vanquished

Notes
Turn   | Place    | Note
-------+----------+-------------------------------------------
     0 | D:1      | Lekart the Draconian Chaos Knight began the quest for the
                  | Orb.
     0 | D:1      | Reached XP level 1. HP: 19/19 MP: 1/1
    12 | D:1      | XOM: silly message
   117 | D:1      | XOM: divination: detect creatures
   126 | D:1      | Reached XP level 2. HP: 17/26 MP: 2/2
   835 | D:2      | Reached XP level 3. HP: 17/33 MP: 1/3
   937 | D:2      | XOM: divination: detect creatures
  1453 | D:2      | Noticed Jessica
  1460 | D:2      | Killed Jessica
  1461 | D:2      | Reached skill level 1 in Shields
  1598 | D:2      | Found a faded altar of an unknown god.
  1645 | D:2      | Reached XP level 4. HP: 40/40 MP: 4/4
  1729 | D:2      | XOM: noise
  1811 | D:2      | Noticed Natasha
  1819 | D:2      | Killed Natasha
  2125 | D:3      | Found a glowing drain.
  2130 | D:3      | XOM: cast spell 'Summon Small Mammal'
  2136 | Sewer    | Entered a sewer
  2148 | Sewer    | XOM: noise
  2164 | Sewer    | Noticed a kobold brigand
  2165 | Sewer    | XOM: cast spell 'Summon Ice Beast'
  2181 | Sewer    | Killed a kobold brigand
  2182 | Sewer    | Reached XP level 5. HP: 21/46 MP: 5/5
  2215 | Sewer    | Gained mutation: You are frail. (-10% HP) [potion of
                  | mutation]
  2215 | Sewer    | Gained mutation: Your mind is acute. (Int +2) [potion of
                  | mutation]
  2515 | Sewer    | Reached XP level 6. HP: 44/46 MP: 6/6
  2993 | D:3      | Found a glowing golden altar of the Shining One.
  3225 | D:3      | Upgraded the game from 0.28-a0-502-g6c43a8f463 to
                  | 0.28-a0-503-g83f2989fac
  3310 | D:4      | Noticed Edmund
  3315 | D:4      | XOM: noise
  3323 | D:4      | XOM: confuse monster(s)
  3342 | D:3      | XOM: summons friendly crimson imp
  3347 | D:4      | Noticed Duvessa
  3353 | D:4      | Noticed Dowan
  3355 | D:4      | Succumbed to Duvessa's poison

Illustrated notes

Levels and vault maps discovered:
D:1:      mushboom_english_gardens, layout_basic
D:2:      layout_loops_ring, basic_ecumenical_altar, grunt_ministairs_14,
          glass_columns_b, corner_web_ring, skrybe_limestone_x, minmay_cupped,
          uniq_natasha, uniq_jessica
D:3:      layout_basic, lemuel_round_altar, portal_sewer_entry_e,
          minmay_splitting_lines
D:4:      layout_cave_pools, nicolae_hepliaklqana_hippocampus, uniq_edmund,
          uniq_duvessa

Skill      XL: |  1  2  3  4  5 |
---------------+----------------+-----
Shields        | 1 2 3 |  3.1
Dodging        | 3 |  3.6
Long Blades    | 4 |  4.5
Fighting       | 4 |  4.1
Stealth        | |  0.4

Action                   |  1- 3 |  4- 6 || total
-------------------------+-------+-------++-------
Melee: Falchion          |   103 |   151 ||   254
       Tailslap          |    11 |     6 ||    17
  Use: Potion            |     3 |     4 ||     7
       Scroll            |     1 |     2 ||     3
 Stab: Sleeping          |     1 |       ||     1
Armor: Skin              |    45 |   105 ||   150
Dodge: Dodged            |    40 |    87 ||   127
Block: Tower shield      |    79 |   168 ||   247

Table legend: (Time is in decaauts)
 A = Elapsed time spent in this place.
 B = Non-inter-level travel time spent in this place.
 C = Inter-level travel time spent in this place.
 D = Time resting spent in this place.
 E = Time spent auto-exploring this place.
 F = Levels seen in this place.
 G = Mean time per level.
                   A        B        C        D        E       F      G
               +--------+--------+--------+--------+--------+-----+--------+
         Total |   3578 |   3430 |    148 |    664 |   1824 |   5 |  715.6 |
       Dungeon |   2857 |   2709 |    148 |    369 |   1661 |   4 |  714.2 |
         Sewer |    721 |    721 |      0 |    295 |    163 |   1 |  721.0 |
               +--------+--------+--------+--------+--------+-----+--------+

Top non-repeatable levels by time:
     D:2: 1356 daAuts
     D:1: 787 daAuts
   Sewer: 721 daAuts
     D:3: 663 daAuts
     D:4: 50 daAuts
